 Dungeon Crawl Stone Soup version 0.21.1-1-g345015f (webtiles) character file.

2552 empire the Carver (level 9, -3/111 HPs)
             Began as a Minotaur Fighter on June 7, 2018.
             Was a Follower of Cheibriados.
             Slain by a yak (7 damage)
             ... on level 7 of the Dungeon.
             The game lasted 00:12:05 (5445 turns).

empire the Carver (Minotaur Fighter)                Turns: 5445, Time: 00:12:06

Health: -3/111     AC: 24    Str: 25    XL:     9   Next: 31%
Magic:  11/11      EV:  2    Int:  8    God:    Cheibriados [*.....]
Gold:   63         SH: 12    Dex: 15    Spells: 8/8 levels left

rFire    . . .     SeeInvis .   a - +1 long sword
rCold    . . .     Gourm    .   c - +1 shield
rNeg     + + +     Faith    .   (armour currently unavailable)
rPois    +         Spirit   .   (helmet currently unavailable)
rElec    .         Reflect  .   (cloak currently unavailable)
rCorr    .         Harm     .   (gloves currently unavailable)
MR       .....     NoTele   +   (boots currently unavailable)
Stlth    +.........             (no amulet)
HPRegen  0.28/turn              (no ring)
MPRegen  0.12/turn              (no ring)

@: tree-form, very slow
A: (retaliatory headbutt)
a: Bend Time, Renounce Religion


You were on level 7 of the Dungeon.
You worshipped Cheibriados.
Cheibriados was aware of your devotion.
You were not hungry.
You were a tree.
You visited 2 branches of the dungeon, and saw 8 of its levels.

You collected 387 gold pieces.
You spent 324 gold pieces at shops.

Inventory:

Hand Weapons
 a - a +1 long sword (weapon)
 d - a +0 dagger of draining
 e - a +2 hand axe of electrocution
Armour
 c - a +1 shield (worn)
 u - a +0 pair of gloves (melded)
 w - the +0 ring mail of Satisfaction {rPois rN++ Int-5 Dex+2}
   (You found it on level 4 of the Dungeon)

   It affects your intelligence (-5).
   It affects your dexterity (+2).
   It protects you from poison.
   It greatly protects you from negative energy.
 y - a +0 chain mail (melded)
 B - a +0 pair of boots (melded)
 C - a cursed +0 plate armour
Jewellery
 p - an uncursed ring of protection from fire {unknown}
 q - an uncursed ring of wizardry {unknown}
 v - an uncursed ring of fire {unknown}
 A - an uncursed ring of stealth {unknown}
Scrolls
 b - a scroll of silence
 g - 3 scrolls of identify
 i - 4 scrolls of remove curse
 n - 6 scrolls of teleportation
 s - 3 scrolls of fear
 x - a scroll of magic mapping
 z - 2 scrolls of enchant weapon
Potions
 h - a potion of haste
 k - a potion of mutation {unknown}
 l - 2 potions of lignification
 m - a potion of resistance {unknown}
 o - 2 potions of agility {unknown}
 r - 2 potions of brilliance {unknown}
 t - a potion of cancellation {unknown}
Comestibles
 f - 8 rations


   Skills:
 - Level 5.0 Fighting
 - Level 11.0 Long Blades
 - Level 5.0 Armour
 - Level 5.7 Dodging
 - Level 5.0 Shields
 + Level 4.4 Invocations


You had 8 spell levels left.
You didn't know any spells.

Dungeon Overview and Level Annotations

Branches:
Dungeon (7/15)             Temple (1/1) D:5

Altars:
Ashenzari
Cheibriados
Dithmenos
Elyvilon
Fedhas
Gozag
Hepliaklqana
Kikubaaqudgha
Makhleb
Nemelex Xobeh
Okawaru
Qazlal
Ru
Sif Muna
Trog
Uskayaw
Vehumet
Wu Jian
Xom
Yredelemnul
Zin

Shops:
D:5 [   D:7 ?%


Innate Abilities, Weirdness & Mutations

((You reflexively headbutt those who attack you in melee.))
((You have a pair of horns on your head.))


Message History

You closely miss the yak.
The yak is severely wounded.
The yak gores you.
* * * LOW HITPOINT WARNING * * *
It was a potion of lignification.
You turn into a tree.
Your +0 pair of gloves melds into your body.
Your +0 pair of boots melds into your body.
Your +0 chain mail melds into your body.
Your roots penetrate the ground.
The yak gores you but does no damage.
You barely miss the yak.
The yak is severely wounded.
The yak gores you.
* * * LOW HITPOINT WARNING * * *
You hit the yak.
The yak is severely wounded.
You block the yak's attack.
You closely miss the yak.
The yak is severely wounded.
The yak gores you!
You die...

#..'..### #.##.# #.#
#..#..#.# #.##.# #÷#
#..#..#.####.##.###.#
##)#####......##......
#†..###.#.#.####.###.#
##........#...........
####.#.#####....###..
#Y#...#...##.###..
#♣##..#.####.....#
#.##....#######..#
#..........####..# ###
####.##)##.##....# ..#
#.##.##.##.#.## #.#
#.##.##.##.#.# #.#
##.##.##.##.#># ##.##
###...#.##.##...#
########...###
#...#......###..#


You could see a yak.

Vanquished Creatures
  The ghost of Jaiteiro the Stinger, a novice MfVM of Sif Muna (D:7)
  The ghost of olivier the Shield-Bearer, a novice GrFi (D:5)
  The ghost of Jaiteiro the Cutter, an amateur HaBe of Trog (D:3)
  A human (D:7)
  3 hogs (D:7)
  An ice beast (D:7)
  2 sky beasts
  A phantom (D:5)
  3 howler monkeys (D:7)
  3 crimson imps
  An orc priest (D:7)
  A bullfrog skeleton (D:6)
  An orc wizard (D:7)
  A centaur skeleton (D:4)
  An iguana (D:4)
  5 worker ants
  A hound skeleton (D:4)
  2 worker ant zombies
  7 adders
  4 river rats (D:5)
  3 adder zombies
  2 worms
  A dart slug (D:2)
  4 leopard geckos
  7 orcs
  4 bats
  2 giant cockroaches
  A goblin (D:1)
  4 hobgoblins
  7 jackals
  7 kobolds
  4 quokkas
  3 frilled lizards (D:1)
  A jackal skeleton (D:5)
  17 rats
108 creatures vanquished.

Notes
Turn   | Place    | Note
-------+----------+-------------------------------------------
     0 | D:1      | empire the Minotaur Fighter began the quest for the Orb.
     0 | D:1      | Reached XP level 1. HP: 19/19 MP: 0/0
   198 | D:1      | Reached skill level 3 in Long Blades
   198 | D:1      | Reached XP level 2. HP: 24/27 MP: 1/1
   752 | D:2      | Reached XP level 3. HP: 32/33 MP: 2/2
   944 | D:2      | Reached skill level 4 in Long Blades
  1106 | D:2      | Found a burning altar of Makhleb.
  1119 | D:2      | Reached XP level 4. HP: 40/40 MP: 3/3
  1284 | D:3      | Noticed an angel
  1285 | D:3      | Found a glowing silver altar of Zin.
  1485 | D:3      | Noticed Jaiteiro's ghost (amateur HaBe)
  1523 | D:3      | Killed Jaiteiro's ghost
  1523 | D:3      | Reached skill level 6 in Long Blades
  1523 | D:3      | Reached XP level 5. HP: 27/46 MP: 4/4
  1524 | D:3      | Reached XP level 6. HP: 31/52 MP: 5/5
  2062 | D:4      | Reached skill level 7 in Long Blades
  2460 | D:4      | Got a spiked ring mail
  2717 | D:4      | Identified the +0 ring mail of Satisfaction {rPois rN++ Int-5 Dex+2} (You found it on level 4 of the Dungeon)
  2732 | D:5      | Entered Level 5 of the Dungeon
  2735 | D:5      | Noticed a sky beast
  2736 | D:5      | Found an opulent altar of Gozag.
  2758 | D:5      | Killed a sky beast
  2758 | D:5      | Reached XP level 7. HP: 29/59 MP: 6/6
  2865 | D:5      | Noticed olivier's ghost (novice GrFi)
  2887 | D:5      | Killed olivier's ghost
  2887 | D:5      | Reached skill level 5 in Shields
  2927 | D:5      | HP: 3/60 [phantom (8)]
  2932 | D:5      | Reached skill level 8 in Long Blades
  3245 | D:5      | Reached skill level 5 in Fighting
  3258 | D:5      | Found Hauli's Antique Armour Emporium.
  3316 | D:5      | Found a staircase to the Ecumenical Temple.
  3423 | Temple   | Entered the Ecumenical Temple
  3607 | Temple   | Became a worshipper of Cheibriados the Contemplative
  3698 | D:5      | Reached skill level 5 in Armour
  3698 | D:5      | Reached XP level 8. HP: 68/68 MP: 7/7
  4143 | D:6      | Reached * piety under Cheibriados
  4238 | D:6      | Found a burning altar of Makhleb.
  4238 | D:6      | Noticed a blizzard demon
  4409 | D:6      | Found a shattered altar of Ashenzari.
  4500 | D:6      | Reached skill level 9 in Long Blades
  4731 | D:6      | Found a radiant altar of Vehumet.
  4851 | D:7      | Found Qoeb's Magic Scroll Boutique.
  4863 | D:7      | Bought a scroll of silence for 90 gold pieces
  4863 | D:7      | Bought a scroll of enchant weapon for 90 gold pieces
  4863 | D:7      | Bought a scroll of magic mapping for 42 gold pieces
  4863 | D:7      | Bought a scroll of identify for 24 gold pieces
  4863 | D:7      | Bought a scroll of teleportation for 36 gold pieces
  4863 | D:7      | Bought a scroll of fear for 42 gold pieces
  4913 | D:7      | Noticed Jaiteiro's ghost (novice MfVM)
  4914 | D:7      | Found Elall's Food Emporium.
  4944 | D:7      | Killed Jaiteiro's ghost
  4944 | D:7      | Reached skill level 10 in Long Blades
  4944 | D:7      | Reached skill level 5 in Dodging
  5279 | D:7      | Found Suats's Jewellery Emporium.
  5289 | D:7      | Reached skill level 11 in Long Blades
  5289 | D:7      | Reached XP level 9. HP: 74/74 MP: 8/8
  5443 | D:7      | HP: 4/111 [yak (6)]
  5445 | D:7      | Slain by a yak

Skill      XL: |  1  2  3  4  5  6  7  8  9 |
---------------+----------------------------+-----
Long Blades    | 3 4 6 7 8 11 | 11.0
Fighting       | 4 5 |  5.0
Armour         | 4 5 |  5.0
Dodging        | 2 3 4 5 |  5.7
Shields        | 4 5 |  5.0
Invocations    | 4 |  4.4

Action                   |  1- 3 |  4- 6 |  7- 9 || total
-------------------------+-------+-------+-------++-------
Melee: Long sword        |    64 |   102 |   238 ||   404
       Headbutt          |     7 |    18 |    53 ||    78
  Use: Scroll            |     3 |     4 |     3 ||    10
       Potion            |       |     4 |     9 ||    13
  Eat: Chunk             |     1 |     4 |     8 ||    13
Armor: Scale mail        |    31 |    36 |    44 ||   111
       Chain mail        |       |       |    47 ||    47
       Skin              |       |       |     1 ||     1
Dodge: Dodged            |    20 |    25 |    56 ||   101
Block: Shield            |    33 |    40 |   117 ||   190
       Rpst.: Long sword |     5 |     4 |    22 ||    31
